 Dungeon Crawl Stone Soup version 0.27.1-3-gb3d3a73c9e (webtiles) character file.

Game seed: 219157789124558730

702 styxcanada the Covert (level 7, -3/32 (35) HPs)
             Began as a Spriggan Brigand on Oct 27, 2021.
             Slain by a wight (4 damage)
             ... on level 5 of the Dungeon.
             The game lasted 00:16:08 (4669 turns).

styxcanada the Covert (Spriggan Brigand)            Turns: 4669, Time: 00:16:08

HP:   -3/32 (35)    AC: 11    Str:  7    XL:     7   Next: 39%
MP:   12/12         EV: 19    Int: 12    God:
Gold: 143           SH:  0    Dex: 19    Spells: 6/11 levels left

rFire    . . .     SeeInvis +   i - +4 short sword (protect)
rCold    . . .     Faith    .   (shield restricted)
rNeg     . . .     Spirit   .   b - +0 robe
rPois    .         Reflect  .   (helmet restricted)
rElec    .         Harm     .   c - +1 cloak
rCorr    .         Rampage  .   (gloves unavailable)
Will     +....                  (boots unavailable)
Stlth    ++++......             (no amulet)
HPRegen  0.10/turn              (no ring)
MPRegen  0.13/turn              (no ring)

@: under a protective aura, drained, very quick
A: very small, no large weapons, unfitting armour, see invisible, speed 3
a: no special abilities


You were on level 5 of the Dungeon.
You visited 1 branch of the dungeon, and saw 5 of its levels.

You collected 143 gold pieces.

Inventory:

Hand Weapons
 a - a +2 dagger
 i - a +4 short sword of protection (weapon)
 n - a +0 hunting sling
Missiles
 d - 6 poisoned darts (quivered)
 e - 2 curare-tipped darts
 f - 96 stones
Armour
 b - a +0 robe (worn)
 c - a +1 cloak (worn)
Wands
 o - a wand of paralysis (8)
Scrolls
 g - a scroll of identify
 l - a scroll of fog
 m - a scroll of enchant armour
 p - a scroll of teleportation
Potions
 h - a potion of flight
 j - a potion of lignification
 k - 2 potions of heal wounds


   Skills:
 * Level 2.7 Fighting
 + Level 3.8 Short Blades
 + Level 2.3 Throwing
 * Level 4.4 Dodging
 * Level 9.2 Stealth
 * Level 2.8 Spellcasting
 * Level 3.1 Hexes
 * Level 0.8 Evocations


You had 6 spell levels left.
You knew the following spells:

 Your Spells              Type           Power      Damage    Failure   Level
a - Slow                  Hex            9%         N/A       11%         2
b - Confusing Touch       Hex            9%         N/A       21%         3

Your spell library contained the following spells:

 Spells                   Type           Power      Damage    Failure   Level
 Portal Projectile        Hex/Tloc       10%        N/A       36%         3
 Vampiric Draining        Necr           0%         2d6       58%         3
 Blade Hands              Tmut           0%         N/A       100%        5
 Excruciating Wounds      Necr           0%         N/A       100%        5


Dungeon Overview and Level Annotations

Branches:
Dungeon (5/15)
 Temple: D:4-7

Altars:
Elyvilon
Makhleb
Xom
Yredelemnul


Innate Abilities, Weirdness & Mutations

You are very small and have problems with some larger weapons.
You are too small for most types of armour.
You have supernaturally acute eyesight. (SInv)
You cover ground extremely quickly. (Speed+++)


Message History

You hit the wight.
The wight is heavily damaged.
The wight misses you.
You hit the wight but do no damage.
The wight is heavily damaged.
You puncture the wight!
The wight is almost destroyed.
The wight closely misses you.
You closely miss the wight.
The wight is almost destroyed.
The wight closely misses you.
You hit the wight.
You destroy the wight!
Items here: )) [[.
The wight barely misses you.
You barely miss the wight.
The wight hits you with a +5 dagger of freezing!
You feel drained. The wight freezes you.
You puncture the wight!
Your weapon exudes an aura of protection.
The wight is heavily damaged.
The wight barely misses you.
You hit the wight.
The wight is heavily damaged.
You hit the wight but do no damage.
The wight is heavily damaged.
The wight closely misses you.
You barely miss the wight.
The wight is heavily damaged.
The wight misses you.
You hit the wight but do no damage.
The wight is heavily damaged.
The wight hits you with a +5 dagger of freezing.
You feel drained. The wight freezes you.
You closely miss the wight.
The wight is heavily damaged.
The wight hits you with a +5 dagger of freezing!
* * * LOW HITPOINT WARNING * * *
The wight freezes you.
You die...

########'### . #)#
.+ ###.####.#
#######...#...#
#............#
#............#
#/...........#
#.........)..###
#...........@..#
#............z.+
#...............#
#############.....
....... #......
#..... .####


You could see a wight.

Vanquished Creatures
  2 ogres
  A water moccasin zombie (D:5)
  3 wights (D:5)
  A centaur zombie (D:4)
  2 hounds (D:4)
  A jelly (D:5)
  A centaur skeleton (D:4)
  An iguana (D:4)
  An orc wizard (D:4)
  A hound skeleton (D:4)
  6 adders
  A white imp (D:5)
  4 worms
  5 orcs
  8 endoplasms
  5 giant cockroaches
  6 goblins
  7 hobgoblins
  5 jackals
  7 kobolds
  4 quokkas
  5 ball pythons
  3 bats
  A frilled lizard (D:2)
  7 rats
88 creatures vanquished.

Notes
Turn   | Place    | Note
-------+----------+-------------------------------------------
     0 | D:1      | styxcanada the Spriggan Brigand began the quest for the
                  | Orb.
     0 | D:1      | Reached XP level 1. HP: 10/10 MP: 2/2
    78 | D:1      | Reached skill level 6 in Stealth
   355 | D:1      | Found a faded altar of an unknown god.
   612 | D:1      | Reached XP level 2. HP: 15/15 MP: 3/3
  1045 | D:2      | Reached XP level 3. HP: 15/18 MP: 4/4
  1410 | D:2      | Reached skill level 7 in Stealth
  1413 | D:2      | Found a white marble altar of Elyvilon.
  1652 | D:2      | Reached XP level 4. HP: 23/23 MP: 5/5
  1953 | D:3      | Learned a level 2 spell: Slow
  2198 | D:3      | Found a basalt altar of Yredelemnul.
  2578 | D:3      | Noticed an ogre
  2609 | D:3      | Killed an ogre
  2610 | D:3      | Reached skill level 1 in Hexes
  2610 | D:3      | Reached XP level 5. HP: 9/26 MP: 5/7
  2897 | D:3      | Reached skill level 1 in Spellcasting
  3328 | D:4      | Reached skill level 8 in Stealth
  3470 | D:4      | Reached XP level 6. HP: 21/32 MP: 9/9
  3630 | D:4      | Learned a level 3 spell: Confusing Touch
  4040 | D:4      | Found a burning altar of Makhleb.
  4387 | D:4      | Found a shimmering altar of Xom.
  4502 | D:5      | Entered Level 5 of the Dungeon
  4519 | D:5      | Reached XP level 7. HP: 32/35 MP: 11/11
  4626 | D:5      | Reached skill level 9 in Stealth
  4669 | D:5      | HP: 1/32 [wight (10)]
  4669 | D:5      | Slain by a wight

Illustrated notes

Levels and vault maps discovered:
D:1:      lemuel_arrival_broad_hall, layout_loops_ring,
          ebering_ecumenical_altar_sacrificial
D:2:      kennysheep_big_flooded_room, layout_basic, basic_altar
D:3:      layout_basic, yredelemnul_altar_generic, lemuel_another_geyser
D:4:      layout_loops_ring, general_overflow_altar,
          nicolae_overflow_crystal_walls, minmay_distorted
D:5:      layout_basic, trog_hazing_becter,
          nicolae_ossuary_entry_false_entrances

Skill      XL: |  1  2  3  4  5  6  7 |
---------------+----------------------+-----
Stealth        | 6 7 8 9 |  9.2
Dodging        | 2 3 4 |  4.4
Fighting       | 2 |  2.7
Short Blades   | 3 |  3.8
Hexes          | 1 2 3 |  3.1
Spellcasting   | 1 2 |  2.8
Throwing       | |  2.3
Evocations     | |  0.8

Action                   |  1- 3 |  4- 6 |  7- 9 || total
-------------------------+-------+-------+-------++-------
Melee: Dagger            |   100 |    62 |       ||   162
       Short sword       |       |   151 |    32 ||   183
Throw: Dart              |    14 |    12 |       ||    26
  Use: Scroll            |     5 |     6 |       ||    11
       Potion            |       |     1 |       ||     1
 Stab: Sleeping          |    11 |    20 |     2 ||    33
       Distracted        |       |     1 |       ||     1
Armor: Robe              |     8 |    43 |       ||    51
Dodge: Dodged            |    63 |   137 |    21 ||   221
